 Dungeon Crawl Stone Soup version 0.29.1-2-gbd0b4ee654 (webtiles) character file.

Game seed: 723704126627233007

100 zeram the Covered (level 5, -7/40 HPs)
             Began as a Djinni Fighter on Nov 10, 2022.
             Mangled by an iguana (8 damage)
             ... on level 5 of the Dungeon.
             The game lasted 00:03:02 (2346 turns).

zeram the Covered (Djinni Fighter)                  Turns: 2346, Time: 00:03:02

Health: -7/40      AC:  6    Str: 15    XL:     5   Next: 3%
Gold:   93         EV:  8    Int: 12    God:
                   SH:  4    Dex: 12

rFire   + + .      SeeInvis .   a - +0 long sword
rCold   x . .      Faith    .   c - +0 buckler
rNeg    . . .      Spirit   .   b - +0 scale mail
rPois   ∞          Reflect  .   (no helmet)
rElec   .          Harm     .   (no cloak)
rCorr   .          Rampage  .   (no gloves)
Will    .....                   (boots unavailable)
Stlth   ..........              (no amulet)
HPRegen 0.13/turn               (no ring)
MPRegen 0.00/turn               (no ring)

@: flying
A: sickness immunity, fire resistance 2, cold vulnerability 1, float, innate
caster, HP casting, extra vitality 1
a: no special abilities


You were on level 5 of the Dungeon.
You visited 1 branch of the dungeon, and saw 5 of its levels.

You collected 93 gold pieces.

Inventory:

Hand Weapons
 a - a +0 long sword (weapon)
Missiles
 i - 2 throwing nets (quivered)
Armour
 b - a +0 scale mail (worn)
 c - a +0 buckler (worn)
Scrolls
 g - a scroll of amnesia {unknown}
 j - 3 scrolls of butterflies
 k - a scroll of identify {unknown}
Potions
 d - a potion of might
 e - a potion of lignification {unknown}
 f - a potion of magic {unknown}
 h - 6 potions of curing {unknown}


   Skills:
 + Level 3.5 Fighting
 + Level 3.1 Long Blades
 + Level 3.5 Armour
 + Level 0.3 Dodging
 + Level 3.3 Shields


You had one spell level left.
You knew the following spells:

 Your Spells              Type           Power      Damage    Failure   Level
a - Magic Dart            Conj           0%         1d3       85%         1
b - Poisonous Vapours     Pois/Air       0%         N/A       94%         2
Your spell library was empty.

Dungeon Overview and Level Annotations

Branches:
Dungeon (6/15)
 Temple: D:4-7

Altars:


Innate Abilities, Weirdness & Mutations

You are immune to sickness and miasma.
You are immune to poison.
Your flesh is very heat resistant. (rF++)
You are vulnerable to cold. (rC-)
You float through the air rather than walking.
You learn spells naturally, not from books.
Your magical power is your life essence.
You have superior vitality. (+4 MHP)


Message History

You hit the iguana but do no damage.
The quokka bites you but does no damage.
The iguana bites you but does no damage.
The quokka bites you.
You are too injured to fight recklessly!
You are too injured to fight recklessly!
Unknown command.
You miss the quokka. The iguana bites you. You block the quokka's attack.
The iguana bites you!
* * * LOW HITPOINT WARNING * * *
Unknown command.
You hit the quokka.
The quokka is heavily wounded.
You block the quokka's attack.
The iguana bites you but does no damage.
The quokka bites you but does no damage.
Unknown command.
You closely miss the quokka.
The quokka is heavily wounded.
The quokka barely misses you.
The iguana bites you but does no damage.
Unknown command.
You barely miss the quokka.
The quokka is heavily wounded.
The quokka bites you.
* * * LOW HITPOINT WARNING * * *
The iguana barely misses you. You block the quokka's attack.
Unknown command.
You completely miss the quokka.
The quokka is heavily wounded.
The iguana closely misses you.
The quokka bites you but does no damage.
The iguana bites you but does no damage.
Unknown command.
You barely miss the quokka.
The quokka is heavily wounded.
The quokka bites you.
* * * LOW HITPOINT WARNING * * *
The iguana bites you!
You die...

.............#
.............#
..............#
...............#
...............#
...............#
..........l.....#
.........r@.....#
................#
................#
.........########
.........#
.........#
.........#
####.....#
#...†.#


You could see an iguana and a quokka.

Vanquished Creatures
  An iguana (D:5)
  3 adders (D:2)
  A worm (D:2)
  2 dart slugs (D:1)
  8 ball pythons
  5 bats
  4 endoplasms
  3 hobgoblins
  3 quokkas
  A frilled lizard (D:1)
  2 goblins
  4 kobolds (D:1)
  6 rats
43 creatures vanquished.

Notes
Turn   | Place    | Note
-------+----------+-------------------------------------------
     0 | D:1      | zeram the Djinni Fighter began the quest for the Orb.
     0 | D:1      | Reached XP level 1. HP: 20/20 MP: 0/0
    81 | D:1      | Reached XP level 2. HP: 22/25 MP: 0/0
   401 | D:1      | Found a faded altar of an unknown god.
   419 | D:1      | Reached XP level 3. HP: 30/30 MP: 0/0
   419 | D:1      | Learned a level 1 spell: Magic Dart
  1249 | D:2      | Reached XP level 4. HP: 32/35 MP: 0/0
  2144 | D:3      | You are sucked into a shaft and drop 3 floors!
  2147 | D:5      | Entered Level 5 of the Dungeon
  2167 | D:5      | Reached XP level 5. HP: 19/40 MP: 0/0
  2167 | D:5      | Learned a level 2 spell: Poisonous Vapours
  2346 | D:5      | HP: 1/40 [quokka (3)]
  2346 | D:5      | Mangled by an iguana

Illustrated notes

Levels and vault maps discovered:
D:1:      matt_arrival_grand_opening, layout_loops_cross,
          ebering_ecumenical_altar_ruins
D:2:      layout_loops_corners
D:3:      layout_loops_ring, minitemple
D:5:      layout_gridville, kennysheep_ying_yang, temple_pool_b,
          grunt_ministairs_9, uniq_ijyb
D:6:      layout_loops_corners, grunt_ministairs_3, kennysheep_small_square,
          uniq_blork_the_orc

Skill      XL: |  1  2  3  4 |
---------------+-------------+-----
Long Blades    | 2 3 |  3.1
Fighting       | |  3.5
Armour         | |  3.5
Dodging        | |  0.3
Shields        | |  3.3

Action                   |  1- 3 |  4- 6 || total
-------------------------+-------+-------++-------
Melee: Long sword        |    94 |    70 ||   164
  Use: Scroll            |     3 |       ||     3
Armor: Scale mail        |    45 |    29 ||    74
Dodge: Dodged            |    32 |    35 ||    67
Block: Buckler           |    25 |    20 ||    45
